 Dungeon Crawl Stone Soup version 0.29.1-2-gbd0b4ee654 (webtiles) character file.

Game seed: 6251797042556107232

917 Icepheonix32 the Changer (level 7, -3/55 HPs)
             Began as a Demigod Transmuter on Nov 4, 2022.
             Slain by a gnoll
             ... wielding a +0 whip
             ... led by a gnoll bouda
              (4 damage)
             ... on level 5 of the Dungeon.
             The game lasted 00:06:47 (4554 turns).

Icepheonix32 the Changer (Demigod Transmuter)       Turns: 4554, Time: 00:06:48

Health: -3/55      AC:  2    Str: 11    XL:     7   Next: 53%
Magic:  12/14      EV: 20    Int: 23    God:
Gold:   269        SH:  0    Dex: 19    Spells: 1/11 levels left

rFire   . . .      SeeInvis .     - Unarmed
rCold   . . .      Faith    .   (shield currently unavailable)
rNeg    . . .      Spirit   .   (body armour currently unavailable)
rPois   x          Reflect  .   (helmet currently unavailable)
rElec   .          Harm     .   (cloak currently unavailable)
rCorr   .          Rampage  .   (gloves currently unavailable)
Will    .....                   (boots currently unavailable)
Stlth   ++........              (no amulet)
HPRegen 0.18/turn               (no ring)
MPRegen 0.14/turn               (no ring)

@: brilliant, spider-form (expiring), wereblooded, on berserk cooldown, slowed,
very slow
A: venomous fangs, tiny, high MP 1, forlorn, divine attributes
a: End Transformation


You were on level 5 of the Dungeon.
You were a venomous arachnid creature.
You visited 1 branch of the dungeon, and saw 5 of its levels.

You collected 269 gold pieces.

Inventory:

Hand Weapons
 m - the +10 sling "Kuplutef" (melded) {flame, rF- Int+7}
   (You found it on level 3 of the Dungeon)

   Any ammunition fired from it burns those it strikes, dealing additional fire
   damage.
   Int:       It affects your intelligence (+7).
   rF:        It makes you vulnerable to fire.
 o - a +2 dagger of holy wrath
Missiles
 b - 10 boomerangs
Armour
 a - a +0 robe (melded)
 g - a +0 helmet (melded)
Scrolls
 c - 3 scrolls of identify {unknown}
 d - a scroll of vulnerability {unknown}
 f - a scroll of noise {unknown}
 h - a scroll of torment {unknown}
 i - 2 scrolls of fear {unknown}
 q - a scroll of enchant armour {unknown}
 r - 2 scrolls of fog {unknown}
 s - 2 scrolls of teleportation {unknown}
 u - a scroll of blinking {unknown}
 v - 2 scrolls of magic mapping {unknown}
Potions
 e - 2 potions of mutation {unknown}
 j - a potion of heal wounds {unknown}
 k - a potion of degeneration {unknown}
 l - 4 potions of berserk rage
 n - a potion of brilliance
 p - 2 potions of lignification
 t - a potion of flight {unknown}
 w - a potion of might {unknown}
 x - a potion of cancellation {unknown}


   Skills:
 + Level 2.2 Fighting
 + Level 4.1 Ranged Weapons
 * Level 3.1 Dodging
 + Level 1.0 Stealth
 * Level 4.0 Unarmed Combat
 + Level 2.6 Spellcasting
 * Level 4.2 Transmutations
 * Level 0.7 Ice Magic
 + Level 1.4 Poison Magic


You had one spell level left.
You knew the following spells:

 Your Spells              Type           Power      Damage    Failure   Level
a - Beastly Appendage     Tmut           66%        N/A       9%          1
b - Spider Form           Tmut/Pois      24%        N/A       28%         3
c - Wereblood             Tmut           33%        N/A       11%         2
d - Ice Form              Ice/Tmut       21%        N/A       63%         4

Your spell library contained the following spells:

 Spells                   Type           Power      Damage    Failure   Level
 Poisonous Vapours        Pois/Air       18%        N/A       32%         2
 Ignite Poison            Fire/Tmut/Pois 17%        N/A       36%         3
 Mephitic Cloud           Conj/Pois/Air  7%         N/A       52%         3
 Conjure Flame            Conj/Fire      4%         6-21      58%         3
 Gell's Gravitas          Tloc           4%         N/A       58%         3
 Teleport Other           Tloc           4%         N/A       58%         3
 Corpse Rot               Necr/Pois/Air  7%         N/A       86%         4
 Sticky Flame             Conj/Fire      4%         2d3       90%         4
 Freezing Cloud           Conj/Ice/Air   3%         6-21      99%         5
 Dispersal                Tloc           2%         N/A       100%        6


Dungeon Overview and Level Annotations

Branches:
Dungeon (5/15)             Temple (0/1) D:4

Shops:
D:1 :


Innate Abilities, Weirdness & Mutations

You are a venomous arachnid creature.
You have poisonous fangs.
You are tiny and dextrous.
Your spellcasting is less reliable in this form.
Your armour is entirely melded.
You are incapable of wielding weapons or throwing items.
You have an increased reservoir of magic. (+10% MP)
You shall have no god before yourself.
Your divine heritage dramatically boosts your attributes as you level up.


Message History

You completely miss the gnoll.
The gnoll is heavily wounded.
You bite the gnoll!
You feel a bit better.
You kill the gnoll!
The gnoll barely misses you.
You bite the adder!
The adder is poisoned.
The adder is almost dead.
The adder misses you. The gnoll completely misses you.
You hit the adder.
You feel a bit better.
You kill the adder!
Your transformation is almost over.
The gnoll is no longer moving quickly.
You bite the gnoll!
The gnoll is poisoned.
The gnoll is severely wounded.
The gnoll hits you from afar with a +0 spear.
You are no longer berserk.
You are exhausted.
You feel yourself slow down. The gnoll closely misses you.
Items here: ))) [ †.
You hit the gnoll but do no damage.
The gnoll looks as sick as possible!
The gnoll is severely wounded.
You hiss as the wereblood boils in your veins!
The gnoll is no longer moving quickly.
You feel a bit better.
You kill the gnoll!
The gnoll completely misses you. The gnoll hits you with a +0 whip!
* * * LOW HITPOINT WARNING * * *
Unknown command.
You hit the gnoll.
The gnoll is poisoned.
The gnoll is lightly wounded.
You hiss as the wereblood boils in your veins!
The gnoll hits you with a +0 spear.
* * * LOW HITPOINT WARNING * * *
The gnoll barely misses you.
Unknown command.
It was a potion of brilliance.
You feel clever all of a sudden. The gnoll misses you.
The gnoll hits you with a +0 whip.
* * * LOW HITPOINT WARNING * * *
The gnoll barely misses you. The gnoll hits you with a +0 whip.
You die...

#. .. #. ... #.
...# #.
....####### #.
#..#.....# #.
###........# #.
......gg...# #.
#s### ##. #)).#
#.. ###.#####
#.# #.....#
#####.#
#####.####...†.#
#......#####
#########..#
..........>#
############


You could see 2 gnolls.

Vanquished Creatures
  A black bear (D:4)
  A centaur (D:5)
  A necrophage (D:5)
  2 scorpions
  A hound (D:4)
  A gnoll bouda (D:5)
  Ijyb (D:5)
  6 iguanas
  Natasha (thrice) (D:3)
  9 gnolls
  6 adders
  A shadow imp (D:5)
  An ufetubus (D:4)
  2 worms
  3 dart slugs (D:3)
  6 orcs
  3 ball pythons
  2 bats
  8 endoplasms
  3 giant cockroaches
  8 goblins
  7 hobgoblins
  12 jackals
  2 quokkas
  2 frilled lizards
  8 kobolds
  2 rats (D:2)
102 creatures vanquished.

Vanquished Creatures (others)
  2 plants (D:3)
2 creatures vanquished.

Grand Total: 104 creatures vanquished

Notes
Turn   | Place    | Note
-------+----------+-------------------------------------------
     0 | D:1      | Icepheonix32 the Demigod Transmuter began the quest for the
                  | Orb.
     0 | D:1      | Reached XP level 1. HP: 15/15 MP: 5/5
   367 | D:1      | Found Badwo's Book Shop.
   751 | D:1      | Reached XP level 2. HP: 21/22 MP: 5/7
   987 | D:1      | HP: 1/22 [jackal (1)]
  1617 | D:2      | Reached skill level 1 in Fighting
  2001 | D:2      | Reached XP level 3. HP: 22/28 MP: 6/8
  2408 | D:3      | Noticed Natasha
  2417 | D:3      | Killed Natasha
  2425 | D:3      | Reached XP level 4. HP: 30/35 MP: 8/10
  2610 | D:3      | Identified the +10 sling "Kuplutef" {flame, rF- Int+7}
  2692 | D:3      | Noticed Natasha
  2693 | D:3      | Killed Natasha
  2855 | D:3      | Noticed Natasha
  2857 | D:3      | Killed Natasha
  3232 | D:3      | Reached XP level 5. HP: 40/40 MP: 11/11
  3324 | D:3      | Learned a level 3 spell: Spider Form
  3387 | D:4      | Reached skill level 1 in Ranged Weapons
  3483 | D:4      | Noticed a black bear
  3484 | D:4      | Reached skill level 1 in Poison Magic
  3484 | D:4      | Reached XP level 6. HP: 45/48 MP: 12/12
  3827 | D:4      | Found a staircase to the Ecumenical Temple.
  4106 | D:5      | Entered Level 5 of the Dungeon
  4123 | D:5      | Reached skill level 1 in Stealth
  4230 | D:5      | Learned a level 2 spell: Wereblood
  4235 | D:5      | Learned a level 4 spell: Ice Form
  4255 | D:5      | Reached XP level 7. HP: 50/55 MP: 14/14
  4522 | D:5      | Noticed Ijyb
  4534 | D:5      | Killed Ijyb
  4554 | D:5      | HP: 1/55 [gnoll/+0 whip[a gnoll bouda] (4)]
  4554 | D:5      | Slain by a gnoll

Illustrated notes

Levels and vault maps discovered:
D:1:      minmay_arrival_up_and_down, layout_basic, serial_shops, shop_fountains
D:2:      layout_rooms, ebering_ecumenical_altar_hall, minmay_crystal_water,
          minmay_tetromino_t2
D:3:      minmay_diamond_boxcup, layout_basic,
          chequers_temple_overflow_statue_of_worship, serial_bayou,
          serial_bayou_lake_a, serial_bayou_pond_a, serial_bayou_pond_b,
          serial_bayou_ford_a, grunt_ministairs_11, minmay_ruptured,
          uniq_natasha
D:4:      layout_cave_pools, zin_treasury, temple_hall
D:5:      layout_basic, lightli_temple_of_fire, hangedman_decor_opposing,
          uniq_ijyb

Skill      XL: |  1  2  3  4  5  6  7 |
---------------+----------------------+-----
Spellcasting   | 2 |  2.6
Transmutations | 2 3 4 |  4.2
Unarmed Combat | 3 4 |  4.0
Fighting       | 1 2 |  2.2
Dodging        | 2 3 |  3.1
Ranged Weapons | 1 2 4 |  4.1
Poison Magic   | 1 |  1.4
Stealth        | 1 |  1.0
Ice Magic      | |  0.7

Action                   |  1- 3 |  4- 6 |  7- 9 || total
-------------------------+-------+-------+-------++-------
Melee: Unarmed           |   111 |    10 |    23 ||   144
       Kick              |    19 |       |       ||    19
       Headbutt          |     7 |     2 |       ||     9
       Punch             |     1 |       |       ||     1
 Fire: Sling             |       |    86 |    24 ||   110
 Cast: Beastly Appendage |    20 |     3 |       ||    23
       Spider Form       |       |     1 |     1 ||     2
       Wereblood         |       |       |     1 ||     1
  Use: Potion            |     1 |       |     2 ||     3
 Stab: Sleeping          |     1 |       |       ||     1
Armor: Robe              |    24 |     2 |     1 ||    27
       Skin              |    11 |     1 |       ||    12
Dodge: Dodged            |    83 |    23 |    15 ||   121
